 Dungeon Crawl Stone Soup version 0.31-a0-627-gd65175cf8b (webtiles) character file.

Game seed: 5210646434405128621

630 MacCMillion the Insei (level 7, -2/69 HPs)
             Began as an Octopode Shapeshifter on Aug 25, 2023.
             Killed from afar by Pikel (8 damage)
             ... with a puff of flame
             ... on level 4 of the Dungeon.
             The game lasted 00:09:23 (4033 turns).

MacCMillion the Insei (Octopode Shapeshifter)       Turns: 4033, Time: 00:09:23

Health: -2/69      AC: 23    Str: 20    XL:     7   Next: 48%
Magic:  7/7        EV:  2    Int: 11    God:
Gold:   31         SH:  0    Dex: 14    Spells: 6/6 levels left

rFire   . .          .
                       - Unarmed
rCold   . . .        (no shield)
rNeg    . . .        (helmet currently unavailable)
rPois   +            p - amulet of the acrobat
rElec   .            d - +6 ring of strength
rCorr   .            e - ring of willpower
SInv    .            o - +5 ring of evasion
Will    +....        (no ring)
Stlth   +++          (no ring)
HPRegen 0.31/turn    (no ring)
MPRegen 0.10/turn    (no ring)
                     (no ring)

%: acrobat
@: tree-form
A: stationary, stasis, torment immunity, boosted hp, almost no armour,
(amphibious), 8 rings, (camouflage 1), (gelatinous body 1), (nimble swimmer 1),
(tentacles)
a: no special abilities


You were on level 4 of the Dungeon.
You were a tree.
You visited 1 branch of the dungeon, and saw 4 of its levels.

You collected 67 gold pieces.
You spent 36 gold pieces at shops.

Inventory:

Jewellery
 d - a +6 ring of strength (left branch)
 e - a ring of willpower (right branch)
 o - a +5 ring of evasion (on tentacle)
 p - an amulet of the acrobat (around neck)
 t - a +5 ring of evasion
Talismans
 b - a beast talisman
 c - a flux talisman
Wands
 q - a wand of flame (9)
Scrolls
 g - 6 scrolls of identify {unknown}
 i - 2 scrolls of immolation
 j - 4 scrolls of revelation
 l - a scroll of noise {unknown}
 n - a scroll of summoning {unknown}
 r - a scroll of fear
Potions
 f - a potion of heal wounds {unknown}
 h - 4 potions of curing
 k - a potion of cancellation {unknown}
 m - a potion of haste {unknown}
 s - a potion of resistance {unknown}


   Skills:
 + Level 3.5 Fighting
 + Level 4.1 Dodging
 - Level 4.0 Stealth
 * Level 5.9 Unarmed Combat
 - Level 3.0 Shapeshifting


You had 6 spell levels left.
You didn't know any spells.
Your spell library contained the following spells:

 Spells                   Type           Power      Damage    Failure   Level
 Blink                    Tloc           0%         N/A       47%         2
 Lesser Beckoning         Tloc           0%         N/A       47%         2
 Momentum Strike          Conj/Tloc      0%         3d8       47%         2


Dungeon Overview and Level Annotations

Branches:
Dungeon (4/15)
 Temple: D:4-7

Altars:
Qazlal
Wu Jian

Shops:
D:1 =   D:3 !   D:4 (

Annotations:
D:2 Sigmund
D:3 Grinder, Terence
D:4 Pikel


Innate Abilities, Weirdness & Mutations

You are a tree.
Your roots penetrate the ground, keeping you stationary.
You cannot be teleported.
You are immune to unholy pain and torment.
Your maximum health is greatly increased.
You cannot wear most types of armour.
((You are amphibious.))
You can wear up to eight rings at the same time.
((Your skin changes colour to match your surroundings (Stealth+).))
((Your rubbery body absorbs attacks. (AC +1, EV +1)))
((You are camouflaged when in or above water. (Stealth+)))
((You have tentacles for arms and can constrict up to eight enemies at once.))


Message History

Pikel is lightly wounded.
Pikel hits you with a +2 whip of flaming!
* * * LOW HITPOINT WARNING * * *
Pikel burns you.
* * * LOW HITPOINT WARNING * * *
You hit Pikel but do no damage.
Pikel is lightly wounded.
The lemure hits you but does no damage. x2; Pikel zaps a wand.
The puff of flame hits you but does no damage.
You hit Pikel.
Pikel is moderately wounded.
The lemure hits you but does no damage. x2
Pikel hits you with a +2 whip of flaming.
* * * LOW HITPOINT WARNING * * *
Pikel burns you.
* * * LOW HITPOINT WARNING * * *
You hit Pikel.
Pikel is moderately wounded.
The lemure hits you but does no damage.
You completely miss Pikel.
Pikel is moderately wounded.
The lemure hits you but does no damage. Pikel hits you but does no damage.
You hit Pikel.
Pikel is moderately wounded.
The lemure barely misses you. The lemure hits you but does no damage.
Pikel hits you with a +2 whip of flaming.
* * * LOW HITPOINT WARNING * * *
Pikel burns you.
* * * LOW HITPOINT WARNING * * *
You smack Pikel!
Pikel is heavily wounded.
The lemure hits you but does no damage. x2; Pikel hits you but does no damage.
You closely miss Pikel.
Pikel is heavily wounded.
The lemure hits you.
* * * LOW HITPOINT WARNING * * *
The lemure hits you but does no damage.
Pikel zaps a wand.
The puff of flame hits you!
You die...
Pikel says, "See you in Hell!"

#.......)...'...†...##...
#.......#...#.......#....
##.....##...##.....###... ***
###...###...###...####...
**>***#########...####### #....
**,,,,*###...###...###...###....
*,,,,**##.....##...##)....##....
**,,,,,#.......#5..#.......##...
**,,,,#..)....♣K5.'...†[..##...
*,,,,#.[.....#5o.#.......#....
**,,,##.....##O†.##.....##....
*,*,.##...###)..###...###....
***,..#######...####### *,,,,
**###...###.).###,,,***,,,,
##.....##...##.,,,,**,,,,
#.......#...#..,,,,,*,,,,
**#..$....'...'..,,,,,*,,,,


You could see Pikel, an ogre, 3 lemures and an orc.

Vanquished Creatures
  Menkaure (D:3)
  2 black bears (D:4)
  An ogre (D:4)
  A lemure (D:3)
  An iguana (D:4)
  Ijyb (D:3)
  An orc wizard (D:4)
  3 gnolls (D:4)
  3 adders (D:2)
  A worm (D:2)
  3 dart slugs
  5 orcs (D:4)
  5 ball pythons
  13 endoplasms
  8 giant cockroaches
  3 goblins
  5 hobgoblins
  8 jackals
  9 kobolds
  3 quokkas
  9 bats
  2 frilled lizards
  4 rats
92 creatures vanquished.

Notes
Turn   | Place    | Note
-------+----------+-------------------------------------------
     0 | D:1      | MacCMillion the Octopode Shapeshifter began the quest for
                  | the Orb.
     0 | D:1      | Reached XP level 1. HP: 13/13 MP: 1/1
    31 | D:1      | Reached skill level 1 in Stealth
   142 | D:1      | Reached XP level 2. HP: 18/18 MP: 2/2
   639 | D:1      | Reached XP level 3. HP: 18/23 MP: 3/3
   679 | D:1      | Found Uneikedd's One-of-a-Kind Rings.
  1217 | D:2      | Noticed Sigmund
  1351 | D:2      | Reached XP level 4. HP: 23/28 MP: 4/4
  2440 | D:3      | Found a stormy altar of Qazlal.
  2469 | D:3      | Noticed Terence
  2548 | D:3      | Noticed Grinder
  2558 | D:3      | Paralysed by Grinder for 5 turns
  2901 | D:3      | Found Yngeseup's Distillery.
  2912 | D:3      | Bought a potion of curing for 36 gold pieces
  3173 | D:3      | Noticed Ijyb
  3180 | D:3      | Killed Ijyb
  3181 | D:3      | Reached skill level 4 in Unarmed Combat
  3181 | D:3      | Reached XP level 5. HP: 30/34 MP: 5/5
  3411 | D:3      | Found an ornate altar of the Wu Jian Council.
  3451 | D:4      | Found Haagim's Weapon Shop.
  3464 | D:4      | Noticed Menkaure
  3474 | D:3      | Killed Menkaure
  3475 | D:3      | Reached XP level 6. HP: 26/41 MP: 6/6
  3546 | D:4      | Noticed Pikel
  3656 | D:4      | Noticed a black bear
  3663 | D:4      | Killed a black bear
  3664 | D:4      | Reached skill level 5 in Unarmed Combat
  3740 | D:4      | Reached XP level 7. HP: 46/46 MP: 7/7
  4033 | D:4      | Killed from afar by Pikel

Illustrated notes

Levels and vault maps discovered:
D:1:      dpeg_arrival_lava_temple_mockup, layout_basic,
          nicolae_shop_unique_rings, minmay_shallow_snake_nest
D:2:      layout_basic, chequers_serial_rivers_micro_e, uniq_sigmund
D:3:      layout_loops_cross, mainiacjoe_overflow_catch_the_wave, serial_shops,
          shop_statue, kennysheep_decorative_pillar, uniq_terence, uniq_natasha,
          uniq_ijyb, uniq_grinder
D:4:      kennysheep_six_static_rooms, layout_cave_pools,
          yredelemnul_forgotten_temple_becter, serial_shops, shop_fountains,
          grunt_decor_arrowhead, nicolae_elevator_lobby_plus, uniq_robin,
          uniq_pikel, uniq_menkaure

Skill      XL: |  1  2  3  4  5  6  7 |
---------------+----------------------+-----
Stealth        | 2 3 4 |  4.0
Unarmed Combat | 4 5 |  5.9
Fighting       | 2 3 |  3.5
Dodging        | 3 4 |  4.1
Shapeshifting  | |  3.0

Action                     |  1- 3 |  4- 6 |  7- 9 || total
---------------------------+-------+-------+-------++-------
  Melee: Unarmed           |    71 |    66 |    38 ||   175
         Constrict         |    17 |    20 |    10 ||    47
         Tentacles         |    10 |    13 |     6 ||    29
         Punch             |     1 |     5 |     2 ||     8
  Evoke: Wand              |       |     4 |       ||     4
    Use: Scroll            |       |       |     3 ||     3
         Potion            |       |       |     1 ||     1
   Stab: Sleeping          |     2 |     7 |     4 ||    13
         Distracted        |       |     1 |     1 ||     2
 Armour: Skin              |     8 |     3 |    17 ||    28
  Dodge: Dodged            |    46 |    38 |    17 ||   101

Table legend: (Time is in decaauts)
 A = Elapsed time spent in this place.
 B = Non-inter-level travel time spent in this place.
 C = Inter-level travel time spent in this place.
 D = Time resting spent in this place.
 E = Time spent auto-exploring this place.
 F = Levels seen in this place.
 G = Mean time per level.
                   A        B        C        D        E       F      G
               +--------+--------+--------+--------+--------+-----+--------+
         Total |   4021 |   3874 |    147 |   1361 |   1385 |   4 | 1005.2 |
       Dungeon |   4021 |   3874 |    147 |   1361 |   1385 |   4 | 1005.2 |
               +--------+--------+--------+--------+--------+-----+--------+

Top non-repeatable levels by time:
     D:1: 1282 daAuts
     D:2: 1152 daAuts
     D:3: 1085 daAuts
     D:4: 501 daAuts
